 Dungeon Crawl Stone Soup version 0.30.0-29-ga12c61a403 (webtiles) character file.

Game seed: 2874088477689972806

2142 qw the Cleaver (level 9, -12/56 HPs)
             Began as a Gargoyle Fighter on June 5, 2023.
             Was an Initiate of Okawaru.
             Mangled by a two-headed ogre
             ... wielding a +0 giant spiked club
              (17 damage)
             ... on level 7 of the Dungeon.
             The game lasted 00:02:34 (5188 turns).

qw the Cleaver (Gargoyle Fighter)                   Turns: 5188, Time: 00:02:34

Health: -12/56     AC: 20    Str: 24    XL:     9   Next: 30%
Magic:  9/9        EV:  7    Int:  9    God:    Okawaru [......]
Gold:   276        SH:  4    Dex:  9    Spells: 8/8 levels left

rFire   . . .        Y - +1 war axe (heavy)
rCold   . . .        c - +0 buckler
rNeg    + . .        o - +0 plate armour
rPois   inf          e - +0 helmet
rElec   +            (no cloak)
rCorr   .            (no gloves)
SInv    .            m - +0 pair of boots
Will    .....        (no amulet) Stlth
                     (no ring)
HPRegen 0.29/turn    (no ring)
MPRegen 0.11/turn

%: no passive effects
@: no status effects
A: sickness immunity, AC +6, negative energy resistance 1, electricity
resistance, torment resistance 1, petrification resistance
a: Renounce Religion


You were on level 7 of the Dungeon.
You worshipped Okawaru.
Okawaru was noncommittal.
You visited 1 branch of the dungeon, and saw 9 of its levels.

You collected 276 gold pieces.


Innate Abilities, Weirdness & Mutations

You are immune to sickness and miasma.
Your stone body is resilient. (AC +6)
You are immune to poison.
You resist negative energy. (rN+)
You are resistant to electric shocks. (rElec)
You are resistant to unholy torment.
You are immune to petrification.


   Skills:
 - Level 6.6 Fighting
 - Level 9.0 Axes
 - Level 2.0 Throwing
 + Level 4.5 Armour
 - Level 1.6 Dodging
 - Level 4.0 Shields


You had 8 spell levels left.
You didn't know any spells.
Your spell library was empty.

Inventory:

Hand Weapons
 a - a +2 flail
 Y - a +1 heavy war axe (weapon)
Missiles
 b - a boomerang (quivered)
Armour
 c - a +0 buckler (worn)
 e - a +0 helmet (worn)
 m - a +0 pair of boots (worn)
 o - a +0 plate armour (worn)
Scrolls
 k - a scroll of identify
Potions
 d - a potion of might
 f - a potion of curing
 g - a potion of magic
 i - 3 potions of heal wounds
 j - a potion of ambrosia {unknown}
 n - a potion of invisibility {unknown}

Dungeon Overview and Level Annotations

Branches:
Dungeon (9/15)
 Temple: D:4-7         Lair: D:8-11         Orc: D:9-12

Altars:
Elyvilon
Gozag
Okawaru
Trog
Uskayaw
Vehumet
Zin
The Shining One


Message History

The centaur kicks you but does no damage.
You slice the centaur like a ripe choko!!!
You kill the centaur!
Okawaru accepts your kill.
You start resting.
HP restored.
(D) Dungeon
Where to? (* - list waypoints, Enter - D:7, ? - help)
What level of the Dungeon? (default 1, ? - help)
There is a stone staircase leading up here.
You climb upwards.
The two-headed ogre shouts in stereo!
There is a stone staircase leading down here.
A two-headed ogre is nearby!
Waypoint 8 assigned to D:7.
You throw a boomerang. The boomerang hits the two-headed ogre!
The two-headed ogre is lightly wounded.
A shadow imp comes into view.
Found a scratched moonstone ring.
The shadow imp shouts!
An ice beast comes into view.
You hit the two-headed ogre.
The two-headed ogre is lightly wounded.
The two-headed ogre hits you with a +0 giant spiked club!
The two-headed ogre closely misses you.
You barely miss the two-headed ogre.
The two-headed ogre is lightly wounded.
The two-headed ogre hits you with a +0 giant spiked club.
The two-headed ogre barely misses you.
You slice the two-headed ogre!!
The two-headed ogre is heavily wounded.
The two-headed ogre hits you with a +0 giant spiked club.
The two-headed ogre hits you with a +0 giant spiked club!
You slash the two-headed ogre!
The two-headed ogre is severely wounded.
You barely miss the shadow imp.
The shadow imp hits you but does no damage.
The two-headed ogre hits you with a +0 giant spiked club!!
The two-headed ogre hits you with a +0 giant spiked club!
You die...

#.# ## #.#
.# #.##
..#.. .#..
..# #.#
#># #@#
#O5.....=
.Y.......
##........
#........
#........
#........
.........


You could see a two-headed ogre, an ice beast and a shadow imp.

Vanquished Creatures
  An acid dragon (D:8)
  An orc warrior (D:8)
  An ice beast (D:5)
  2 ogres (D:5)
  A centaur (D:8)
  A bullfrog (D:8)
  3 scorpions (D:4)
  8 wights (D:8)
  3 killer bees (D:8)
  4 hounds
  A jelly (D:4)
  2 orc priests
  6 iguanas
  A gnoll bouda (D:5)
  Natasha (thrice) (D:4)
  An orc wizard (D:8)
  Robin (D:2)
  8 gnolls
  10 adders
  A shadow imp (D:5)
  3 worms
  A dart slug (D:2)
  12 orcs
  3 ball pythons
  11 endoplasms
  4 giant cockroaches
  19 goblins
  9 hobgoblins
  5 quokkas
  4 bats
  5 frilled lizards
  7 kobolds
  7 rats
149 creatures vanquished.

Notes
Turn   | Place    | Note
-------+----------+-------------------------------------------
     0 | D:1      | qw the Gargoyle Fighter began the quest for the Orb.
     0 | D:1      | Reached XP level 1. HP: 14/14 MP: 1/1
     0 | D:1      | 0 ||| qw: Version: 0.2-a-108-gee2c290
     0 | D:1      | 0 ||| qw: Game counter: 1451
     0 | D:1      | 0 ||| qw: Always use a shield: true
     0 | D:1      | 0 ||| qw: God list: Okawaru
     0 | D:1      | 0 ||| qw: Allow faded altars: false
     0 | D:1      | 0 ||| qw: Do Orc after D:15 true
     0 | D:1      | 0 ||| qw: Do second Lair branch before Depths: true
     0 | D:1      | 0 ||| qw: Lair rune preference: random
     0 | D:1      | 0 ||| qw: Plans: Normal, Zot:1-4, Slime:5, God:TSO, Crypt,
                  | Tomb, Abyss, Pan, Hells, Win
     0 | D:1      | 0 ||| PLANNING D:1-11
    45 | D:1      | 45 ||| Stepping ~*~*~tactically~*~*~ (hiding).
    55 | D:1      | Reached skill level 2 in Axes
   108 | D:1      | Reached XP level 2. HP: 19/19 MP: 2/2
   212 | D:1      | 212 ||| FLEEEEING.
   213 | D:1      | 213 ||| FLEEEEING.
   214 | D:1      | 214 ||| FLEEEEING.
   215 | D:1      | 215 ||| FLEEEEING.
   364 | D:1      | Reached skill level 3 in Axes
   587 | D:1      | Reached XP level 3. HP: 18/23 MP: 3/3
   734 | D:1      | 734 ||| READING scroll labelled LEHOYX WIVUZI.
   735 | D:1      | 735 ||| READING scroll labelled HACSIWI KOIFI.
   736 | D:1      | 736 ||| READING 3 scrolls labelled AMEYTU YBELUJUS.
   737 | D:1      | 737 ||| DRINKING 3 smoky emerald potions.
   738 | D:1      | 738 ||| DRINKING 2 fizzy red potions.
   739 | D:1      | 739 ||| READING 2 scrolls of identify.
   739 | D:1      | 739 ||| IDENTIFYING murky orange potion
   740 | D:1      | 740 ||| DROPPING 2 potions of degeneration.
   741 | D:1      | 741 ||| DROPPING potion of berserk rage.
   768 | D:2      | 768 ||| STAIRDANCE
   776 | D:1      | Reached XP level 4. HP: 23/28 MP: 4/4
   822 | D:2      | Reached skill level 4 in Axes
   841 | D:2      | 841 ||| FLEEEEING.
   843 | D:2      | 843 ||| FLEEEEING.
   844 | D:2      | 844 ||| FLEEEEING.
   845 | D:2      | 845 ||| FLEEEEING.
   846 | D:2      | 846 ||| FLEEEEING.
   870 | D:2      | 870 ||| DROPPING +0 club.
   885 | D:2      | 885 ||| Stepping ~*~*~tactically~*~*~ (stealth).
  1243 | D:2      | 1243 ||| READING scroll labelled YSUORI EBYUXI.
  1248 | D:2      | 1248 ||| READING scroll labelled QIOZOEDETH.
  1249 | D:2      | 1249 ||| READING scroll labelled HAUM AX ZECWO.
  1378 | D:3      | Noticed Robin
  1381 | D:3      | 1381 ||| STAIRDANCE
  1415 | D:3      | 1415 ||| STAIRDANCE
  1444 | D:3      | 1444 ||| STAIRDANCE
  1451 | D:2      | Reached XP level 5. HP: 32/32 MP: 5/5
  1456 | D:3      | 1456 ||| STAIRDANCE
  1458 | D:2      | Killed Robin
  1493 | D:2      | 1493 ||| UPGRADING to +0 helmet.
  1498 | D:2      | 1498 ||| READING 3 scrolls of identify.
  1498 | D:2      | 1498 ||| IDENTIFYING white potion
  1660 | D:3      | Reached skill level 5 in Axes
  1670 | D:3      | 1670 ||| DROPPING +0 whip.
  1990 | D:3      | Found a faded altar of an unknown god.
  2134 | D:3      | 2134 ||| Stepping ~*~*~tactically~*~*~ (hiding).
  2160 | D:3      | 2160 ||| Stepping ~*~*~tactically~*~*~ (stealth).
  2162 | D:3      | 2162 ||| Stepping ~*~*~tactically~*~*~ (stealth).
  2255 | D:3      | 2255 ||| UPGRADING to +0 pair of boots.
  2260 | D:3      | 2260 ||| READING scroll labelled ILYEGYORIU.
  2261 | D:3      | 2261 ||| READING scroll labelled TYEK WET IDE.
  2262 | D:3      | 2262 ||| READING scroll labelled PEIXEUMPUNUE.
  2263 | D:3      | 2263 ||| READING scroll labelled ADGHECL MESOUHA.
  2264 | D:3      | 2264 ||| READING 3 scrolls of identify.
  2264 | D:3      | 2264 ||| IDENTIFYING sedimented cyan potion
  2265 | D:3      | 2265 ||| DROPPING potion of brilliance.
  2289 | D:3      | Reached XP level 6. HP: 38/38 MP: 6/6
  2312 | D:4      | Reached skill level 1 in Dodging
  2444 | D:4      | HP: 7/38 [gnoll/+0 halberd (3)]
  2445 | D:4      | 2445 ||| DRINKING 5 potions of heal wounds.
  2518 | D:4      | Noticed Natasha
  2519 | D:4      | 2519 ||| Stepping ~*~*~tactically~*~*~ (hiding).
  2520 | D:4      | 2520 ||| Stepping ~*~*~tactically~*~*~ (hiding).
  2525 | D:4      | Killed Natasha
  2537 | D:4      | 2537 ||| Stepping ~*~*~tactically~*~*~ (stealth).
  2538 | D:4      | 2538 ||| Stepping ~*~*~tactically~*~*~ (stealth).
  2539 | D:4      | 2539 ||| Stepping ~*~*~tactically~*~*~ (stealth).
  2540 | D:4      | 2540 ||| Stepping ~*~*~tactically~*~*~ (stealth).
  2546 | D:4      | 2546 ||| Stepping ~*~*~tactically~*~*~ (stealth).
  2547 | D:4      | 2547 ||| Stepping ~*~*~tactically~*~*~ (stealth).
  2548 | D:4      | 2548 ||| Stepping ~*~*~tactically~*~*~ (stealth).
  2704 | D:4      | Found a hide-covered altar of Uskayaw.
  2721 | D:4      | Reached skill level 6 in Axes
  2721 | D:4      | Reached XP level 7. HP: 35/43 MP: 7/7
  2722 | D:4      | 2722 ||| FLEEEEING.
  2723 | D:4      | 2723 ||| FLEEEEING.
  2724 | D:4      | 2724 ||| FLEEEEING.
  2763 | D:4      | Noticed Natasha
  2778 | D:4      | Killed Natasha
  3125 | D:4      | Noticed Natasha
  3126 | D:4      | 3126 ||| Stepping ~*~*~tactically~*~*~ (hiding).
  3133 | D:4      | Killed Natasha
  3405 | D:4      | 3405 ||| UPGRADING to +0 chain mail.
  3415 | D:4      | 3415 ||| DROPPING +0 scale mail.
  3416 | D:4      | 3416 ||| READING 2 scrolls of identify.
  3416 | D:4      | 3416 ||| IDENTIFYING lumpy emerald potion
  3422 | D:5      | Entered Level 5 of the Dungeon
  3720 | D:5      | Reached skill level 7 in Axes
  3795 | D:5      | Reached XP level 8. HP: 42/48 MP: 8/8
  4094 | D:5      | Found a radiant altar of Vehumet.
  4103 | D:5      | Found a bloodstained altar of Trog.
  4540 | D:5      | 4540 ||| READING scroll labelled KOCUSA PAOSEPI.
  4595 | D:6      | You fall into a shaft and drop 3 floors!
  4623 | D:9      | Found a glowing silver altar of Zin.
  4625 | D:9      | Found a glowing golden altar of the Shining One.
  4625 | D:9      | Found a white marble altar of Elyvilon.
  4717 | D:9      | 4717 ||| READING scroll labelled CAPOKHL VEPHOU.
  4718 | D:9      | 4718 ||| READING 2 scrolls of identify.
  4718 | D:9      | 4718 ||| IDENTIFYING bubbling grey potion
  4719 | D:9      | 4719 ||| DROPPING potion of flight.
  4735 | D:8      | 4735 ||| Stepping ~*~*~tactically~*~*~ (stealth).
  4737 | D:8      | 4737 ||| Stepping ~*~*~tactically~*~*~ (hiding).
  4747 | D:8      | Reached skill level 8 in Axes
  4790 | D:8      | 4790 ||| Stepping ~*~*~tactically~*~*~ (stealth).
  4989 | D:8      | Found an opulent altar of Gozag.
  5008 | D:8      | 5008 ||| Stepping ~*~*~tactically~*~*~ (stealth).
  5013 | D:8      | Reached skill level 6 in Fighting
  5014 | D:8      | HP: 9/51 [killer bee (7)]
  5014 | D:8      | HP: 3/51 [killer bee (6)]
  5015 | D:8      | 5015 ||| READING scroll of teleportation.
  5016 | D:8      | 5016 ||| DRINKING 5 potions of heal wounds.
  5018 | D:8      | Found an iron altar of Okawaru.
  5019 | D:8      | 5019 ||| PLANNING OKAWARU WORSHIP
  5020 | D:8      | HP: 9/51 [wight/+0 mace (9)]
  5021 | D:8      | 5021 ||| DRINKING 4 potions of heal wounds.
  5023 | D:8      | Reached XP level 9. HP: 24/55 MP: 9/9
  5025 | D:8      | Reached skill level 9 in Axes
  5145 | D:8      | 5145 ||| UPGRADING to +0 plate armour.
  5155 | D:8      | 5155 ||| DROPPING +0 chain mail.
  5161 | D:8      | 5161 ||| DROPPING +0 flail.
  5162 | D:8      | Became a worshipper of Warmaster Okawaru
  5162 | D:8      | 5162 ||| PLANNING D:1-11
  5167 | D:8      | 5167 ||| Stepping ~*~*~tactically~*~*~ (hiding).
  5182 | D:7      | Noticed a two-headed ogre
  5188 | D:7      | HP: 5/56 [two-headed ogre/+0 giant spiked club (19)]
  5188 | D:7      | Mangled by a two-headed ogre

Levels and vault maps discovered:
D:1:      ldierk_walled_garden_2, layout_loops_ring
D:2:      layout_rooms
D:3:      minmay_recursive_quarters, layout_basic, basic_ecumenical_altar,
          chequers_jeans, uniq_robin
D:4:      layout_basic, eat_drink_and_be_merry_uskayaw, minivault_19,
          grunt_ministairs_13, uniq_natasha
D:5:      layout_basic, amethyst_overflow_temple_binary,
          kennysheep_cluttered_room
D:6:      layout_gridville, beargit_hepliaklqana_dungeon_heroes
D:7:      layout_basic, nicolae_kikubaaqudgha_miasma_corner,
          minmay_temple_entry_junction_2, chequers_serial_rivers_small_a,
          dreamdust_gnoll_shepherd
D:8:      layout_basic, nicolae_gozag_seed_capital, old_standard_altar,
          enter_bailey_7, chequers_serial_rivers_micro_c
D:9:      layout_irregular_city, dreamdust_divine_triumvirate

Skill      XL: |  1  2  3  4  5  6  7  8  9 |
---------------+----------------------------+-----
Axes           | 2 3 4 5 6 7 8 9 |  9.0
Fighting       | 4 6 |  6.6
Dodging        | 1 |  1.6
Throwing       | 2 |  2.0
Armour         | 4 |  4.5
Shields        | 4 |  4.0

Action                     |  1- 3 |  4- 6 |  7- 9 || total
---------------------------+-------+-------+-------++-------
  Melee: War axe           |    78 |   150 |   125 ||   353
  Throw: Boomerang         |       |       |    18 ||    18
    Use: Scroll            |     4 |     9 |     5 ||    18
         Potion            |     2 |     1 |     2 ||     5
 Armour: Scale mail        |    47 |   119 |    17 ||   183
         Chain mail        |       |       |   151 ||   151
         Plate armour      |       |       |     7 ||     7
  Dodge: Dodged            |    47 |   110 |    85 ||   242
  Block: Buckler           |     6 |    48 |    42 ||    96

Table legend:
 A = Non-vault XP
 B = Vault XP
 C = Vault XP percentage of total XP
 D = Non-vault monster count
 E = Vault monster count
 F = Vault count percentage of total count
                 A         B        C        D         E       F
            +---------+---------+-------+---------+---------+-------
      Total |    2763 |     297 |   9.7 |     125 |      24 |  16.1
            +---------+---------+-------+---------+---------+-------
        D:1 |      81 |       0 |   0.0 |      28 |       0 |   0.0
        D:2 |      66 |      31 |  32.0 |      21 |       9 |  30.0
        D:3 |      79 |      64 |  44.8 |       9 |      12 |  57.1
        D:4 |     356 |     202 |  36.2 |      20 |       3 |  13.0
        D:5 |     797 |       0 |   0.0 |      27 |       0 |   0.0
        D:8 |    1384 |       0 |   0.0 |      20 |       0 |   0.0
            +---------+---------+-------+---------+---------+-------
